 Dungeon Crawl Stone Soup version 0.30-a0-793-g160f7cfddd (webtiles) character file.

Game seed: 5770424241774166873

60 iguanaiguana the Chiller (level 3, -2/24 HPs)
             Began as a Mummy Ice Elementalist on Feb 20, 2023.
             Was a Believer of Kikubaaqudgha.
             Slain by a gnoll
             ... wielding a +0 flail
              (9 damage)
             ... on level 2 of the Dungeon.
             The game lasted 00:04:16 (1854 turns).

iguanaiguana the Chiller (Mummy Ice Elementalist)   Turns: 1854, Time: 00:04:17

Health: -2/24      AC:  8    Str: 11    XL:     3   Next: 82%
Magic:  0/7        EV: 12    Int: 16    God:    Kikubaaqudgha [**....]
Gold:   84         SH:  0    Dex: 18    Spells: 0/7 levels left

rFire   x . .      SeeInvis .    d - +0 dagger (venom)
rCold   + + .      Faith    +    (no shield)
rNeg    + + +      Spirit   .    a - +0 robe
rPois   ∞          Reflect  .    (no helmet)
rElec   .          Harm     .    (no cloak)
rCorr   .          Rampage  .    (no gloves)
Will    .....                    (no boots)
Stlth   ++                       (no amulet)
HPRegen 0.24/turn                b - +6 ring of dexterity
MPRegen 0.10/turn                i - ring of protection from cold

@: ice-armoured, freezing walls
A: cold resistance 1, negative energy resistance 3, torment resistance 2, heat
vulnerability 1, in touch with death 1, no potions, faith
a: Renounce Religion, Unearth Wretches


You were on level 2 of the Dungeon.
You worshipped Kikubaaqudgha.
Kikubaaqudgha was pleased with you.
You visited 1 branch of the dungeon, and saw 3 of its levels.

You collected 84 gold pieces.

Inventory:

Hand Weapons
 d - a +0 dagger of venom (weapon)
 q - a +3 spear
Missiles
 e - 3 datura-tipped darts
 f - 3 javelins
 l - a throwing net
Armour
 a - a +0 robe (worn)
Jewellery
 b - a +6 ring of dexterity (left hand)
 i - a ring of protection from cold (right hand)
 n - a +5 ring of evasion
Scrolls
 c - 2 scrolls of teleportation {@r3}
 g - 3 scrolls of immolation
 h - a scroll of identify {unknown}
 j - a scroll of torment {unknown}
 k - a scroll of poison {unknown}
 m - a scroll of blinking {unknown}
 o - a scroll of noise {unknown}
 p - a scroll of enchant weapon {unknown}


   Skills:
 - Level 1.5 Dodging
 - Level 3.0 Stealth
 - Level 2.6 Spellcasting
 + Level 3.9 Ice Magic


You couldn't memorise any spells.
You knew the following spells:

 Your Spells              Type           Power      Damage    Failure   Level
a - Freeze                Ice            56%        1d7       3%          1
b - Frozen Ramparts       Ice            28%        1d5       12%         3
c - Ozocubu's Armour      Ice            14%        N/A       12%         3

Your spell library contained the following spells:

 Spells                   Type           Power      Damage    Failure   Level
 Foxfire                  Conj/Fire      8%         2x1d4     19%         1
 Kiss of Death            Conj/Necr      12%        2d6       19%         1
 Necrotise                Necr           12%        1d4       19%         1
 Cigotuvi's Dreadful Rot  Necr/Pois/Air  6%         N/A       28%         2
 Static Discharge         Conj/Air       4%         2-3/arc   28%         2
 Call Canine Familiar     Summ           2%         N/A       50%         3
 Portal Projectile        Hex/Tloc       4%         N/A       50%         3
 Vampiric Draining        Necr           3%         2d6       50%         3
 Vhi's Electric Charge    Tloc/Air       4%         N/A       50%         3
 Summon Ice Beast         Ice/Summ       8%         N/A       65%         4
 Leda's Liquefaction      Hex/Erth       1%         N/A       88%         4
 Arcjolt                  Conj/Air       1%         1d11      99%         5
 Fireball                 Conj/Fire      1%         3d3       99%         5
 Lightning Bolt           Conj/Air       1%         1d12      99%         5
 Starburst                Conj/Fire      1%         6d3       100%        6


Dungeon Overview and Level Annotations

Branches:
Dungeon (3/15) Zot: 16145

Altars:
Kikubaaqudgha
Qazlal


Innate Abilities, Weirdness & Mutations

You are immune to poison.
Your flesh is cold resistant. (rC+)
You are immune to negative energy. (rN+++)
You are immune to unholy pain and torment.
You are vulnerable to heat. (rF-)
You are in touch with the powers of death.
You do not drink.
You have a special connection with the divine. (Faith)


Message History

You climb upwards.
There is a stone staircase leading down here.
Your surroundings suddenly seem different.
There is a stone staircase leading down here.
You climb downwards.
There is a stone staircase leading up here.
You hit the rat.
You kill the rat!
The gnoll hits you with a +0 flail.
You climb upwards.
There is a stone staircase leading down here.
You closely miss the gnoll. You closely miss the gnoll.
The gnoll hits you with a +0 flail!
* * * LOW HITPOINT WARNING * * *
You are too injured to fight recklessly!
Aiming: Freeze (safe; 3% risk of failure)
Press: ? - help, Q - select action, (/) - cycle Shift-Dir - straight line, f - gnoll
Aim: a gnoll, wielding a +0 flail You freeze the gnoll.
The gnoll is moderately wounded.
The gnoll hits you with a +0 flail.
* * * LOW HITPOINT WARNING * * *
Casting: Freeze (safe; 3% risk of failure)
Confirm with . or Enter, or press ? or * to list all spells.
Okay, then.
Casting: Freeze (safe; 3% risk of failure)
Confirm with . or Enter, or press ? or * to list all spells.
A film of ice covers your body!
Casting: Ozocubu's Armour (quite dangerous; 12% risk of failure)
Confirm with . or Enter, or press ? or * to list all spells.
Okay, then.
Casting: Ozocubu's Armour (quite dangerous; 12% risk of failure)
Confirm with . or Enter, or press ? or * to list all spells.
Casting: Frozen Ramparts (quite dangerous; 12% risk of failure)
Press: ? - help, Dir - look around, f - activate A stone staircase leading down.
The walls around you are covered in ice.
The wall freezes the gnoll.
The gnoll hits you with a +0 flail!
You die...
Kikubaaqudgha rasps: "You have failed me!
Welcome... oblivion!"

........# #.#####.# #..#
#.# ..####.## #.......#
#..# #.. #.#
#.#####..###### #..#####
### ..# #.##.....#
#......# # #.#
#.##.###.# #.####.# #
..# #.##.# #.### #.# #.#
### #.##.###...# #.# #.#
######..........######.#
#.#
..........###...@g.....#
#<#
###.###<#####.##########
#.# ### # #.# #.#
#...######## #.# #.. #.#
#.# #..........#####.#
#.# #.# #.#
#...##...........# #.#
#.# #.#
######.###.####..# #.#
#.# #.## #.# #.#.....#
#.. #.###..# #.#
#.#.##.## #.# ###......#
#.# #.#.##.# #.#


You could see a gnoll.

Vanquished Creatures
  A gnoll (D:2)
  An adder (D:2)
  A worm (D:3)
  A dart slug (D:1)
  An orc (D:3)
  3 ball pythons (D:1)
  An endoplasm (D:2)
  2 giant cockroaches (D:2)
  4 goblins
  4 hobgoblins
  2 quokkas (D:2)
  A bat (D:2)
  4 frilled lizards
  6 kobolds
  2 rats
34 creatures vanquished.

Notes
Turn   | Place    | Note
-------+----------+-------------------------------------------
     0 | D:1      | iguanaiguana the Mummy Ice Elementalist began the quest for
                  | the Orb.
     0 | D:1      | Reached XP level 1. HP: 13/13 MP: 4/4
   205 | D:1      | Reached XP level 2. HP: 19/19 MP: 5/5
   778 | D:2      | Found a faded altar of an unknown god.
   786 | D:2      | Prayed at the altar of an unknown god.
   786 | D:2      | Became a worshipper of Kikubaaqudgha
   786 | D:2      | Reached * piety under Kikubaaqudgha
   786 | D:2      | Received a gift from Kikubaaqudgha
   935 | D:2      | Found a stormy altar of Qazlal.
  1069 | D:2      | Gained mutation: You are in touch with the powers of death.
                  | [Mummy growth]
  1069 | D:2      | Reached XP level 3. HP: 13/24 MP: 1/7
  1166 | D:2      | Learned a level 3 spell: Frozen Ramparts
  1170 | D:2      | Learned a level 3 spell: Ozocubu's Armour
  1773 | D:2      | Reached ** piety under Kikubaaqudgha
  1854 | D:2      | Slain by a gnoll

Illustrated notes

Levels and vault maps discovered:
D:1:      saegor_arrival_simple_a, layout_loops_cross, due_unseen_surprise
D:2:      cheibrodos_old_hovel, layout_loops_ring,
          hellmonk_ecumenical_altar_blasted, basic_altar
D:3:      layout_loops_ring, mainiacjoe_overflow_six_doors_small,
          cheibrodos_gnoll_hut

Skill      XL: |  1  2 |
---------------+-------+-----
Stealth        | 2 3 |  3.0
Dodging        | |  1.5
Spellcasting   | |  2.6
Ice Magic      | |  3.9

Action                     || total
---------------------------++-------
  Melee: Dagger            ||    49
         Punch             ||     2
   Cast: Freeze            ||    22
         Ozocubu's Armour  ||     1
         Frozen Ramparts   ||     1
    Use: Scroll            ||     1
   Stab: Sleeping          ||     5
 Armour: Robe              ||    14
  Dodge: Dodged            ||    37

Table legend: (Time is in decaauts)
 A = Elapsed time spent in this place.
 B = Non-inter-level travel time spent in this place.
 C = Inter-level travel time spent in this place.
 D = Time resting spent in this place.
 E = Time spent auto-exploring this place.
 F = Levels seen in this place.
 G = Mean time per level.
                   A        B        C        D        E       F      G
               +--------+--------+--------+--------+--------+-----+--------+
         Total |   1853 |   1716 |    137 |     42 |   1327 |   3 |  617.7 |
       Dungeon |   1853 |   1716 |    137 |     42 |   1327 |   3 |  617.7 |
               +--------+--------+--------+--------+--------+-----+--------+

Top non-repeatable levels by time:
     D:2: 990 daAuts
     D:1: 767 daAuts
     D:3: 96 daAuts
